 Dungeon Crawl Stone Soup version 0.30-a0-715-gdb4ae3ece1 (webtiles) character file.

Game seed: 4856809483713783642

1630 avis the Shooter (level 8, -6/66 HPs)
             Began as a Demigod Hunter on Jan 24, 2023.
             Mangled by a killer bee (8 damage)
             ... on level 7 of the Dungeon.
             The game lasted 00:30:03 (5558 turns).

avis the Shooter (Demigod Hunter)                   Turns: 5558, Time: 00:30:05

Health: -6/66      AC:  4    Str: 16 (18) XL:     8   Next: 38%
Magic:  10/10      EV: 18    Int: 14 (17) God:
Gold:   331        SH:  5    Dex: 31 (33) Spells: 7/7 levels left

rFire   . . .      SeeInvis +    a - +0 shortbow
rCold   x . .      Faith    .    (shield currently unavailable)
rNeg    . . .      Spirit   .    J - +0 leather armour of Comeot {+Inv rC- Dex+8}
rPois   +          Reflect  +    r - +0 helmet {SInv}
rElec   .          Harm     .    F - scarf {repulsion}
rCorr   .          Rampage  .    (no gloves)
Will    .....                    (no boots)
Stlth   +++                      i - amulet of reflection
HPRegen 0.31/turn                p - ring "Veunag" {Drain Str+6 Int+6 SInv}
MPRegen 0.12/turn                v - ring of poison resistance

@: mighty, lethally poisoned (-6 -> -12), repel missiles
A: high MP 1, forlorn, divine attributes
a: Evoke Invisibility


You were on level 7 of the Dungeon.
You visited 2 branches of the dungeon, and saw 8 of its levels.

You collected 331 gold pieces.

Inventory:

Hand Weapons
 a - a +0 shortbow (weapon)
 b - a +0 short sword
 h - a +0 sling
 w - the +1 hand axe of Roegy {freeze, rF+ rC+ Dex-3}
   (You found it on level 3 of the Dungeon)

   Dex:       It affects your dexterity (-3).
   rF:        It protects you from fire.
   rC:        It protects you from cold.
 K - a +2 war axe of electrocution
Missiles
 f - 5 curare-tipped darts
 g - 2 silver boomerangs
Armour
 c - a +0 leather armour
 n - a scarf of invisibility
 r - a +0 helmet of see invisible (worn)
 F - a scarf of repulsion (worn)
 J - the +0 leather armour of Comeot (worn) {+Inv rC- Dex+8}
   (You found it on level 6 of the Dungeon)

   Dex:       It affects your dexterity (+8).
   rC:        It makes you vulnerable to cold.
   +Inv:      It lets you turn invisible.
Jewellery
 i - an amulet of reflection (around neck)
 p - the ring "Veunag" (left hand) {Drain Str+6 Int+6 SInv}
   (You found it on level 2 of the Dungeon)

   [ring of intelligence]

   Str:       It affects your strength (+6).
   Int:       It affects your intelligence (+6).
   SInv:      It lets you see invisible.
   Drain:     It drains your maximum health when unequipped.
 v - a ring of poison resistance (right hand)
 y - a ring of see invisible
 I - a ring of flight
Wands
 G - a wand of roots (12)
Scrolls
 d - 2 scrolls of blinking {unknown}
 e - 2 scrolls of noise {unknown}
 j - a scroll of poison {unknown}
 k - 6 scrolls of identify {unknown}
 l - 4 scrolls of enchant weapon {unknown}
 o - a scroll of silence {unknown}
 q - a scroll of fog {unknown}
 t - 3 scrolls of teleportation {unknown}
 x - 2 scrolls of magic mapping {unknown}
 E - a scroll of fear {unknown}
 H - a scroll of immolation
 L - a scroll of amnesia {unknown}
 M - a scroll of torment {unknown}
Potions
 m - a potion of curing {unknown}
 s - a potion of degeneration
 u - 2 potions of flight {unknown}
 z - 3 potions of might
 A - a potion of heal wounds {unknown}
 B - a potion of lignification {unknown}
 C - 2 potions of invisibility {unknown}
 D - 2 potions of berserk rage {unknown}


   Skills:
 - Level 4.0 Fighting
 * Level 7.8 Ranged Weapons
 - Level 6.0 Dodging
 - Level 2.0 Stealth
 - Level 2.0 Evocations


You had 7 spell levels left.
You didn't know any spells.
Your spell library contained the following spells:

 Spells                   Type           Power      Damage    Failure   Level
 Freeze                   Ice            0%         1d3       34%         1
 Sublimation of Blood     Necr           0%         N/A       47%         2
 Frozen Ramparts          Ice            0%         1d1       71%         3
 Hailstorm                Conj/Ice       0%         3d3       71%         3
 Ignite Poison            Fire/Tmut/Pois 0%         N/A       71%         3
 Kindle Blastsparks       Fire/Tloc/Air  0%         2d10      71%         3
 Leda's Liquefaction      Hex/Erth       0%         N/A       98%         4
 Petrify                  Tmut/Erth      0%         N/A       98%         4
 Freezing Cloud           Conj/Ice/Air   0%         6-21      100%        5
 Irradiate                Conj/Tmut      0%         3d11      100%        5
 Lee's Rapid Deconstruct  Erth           0%         3d4*      100%        5
 Statue Form              Tmut/Erth      0%         N/A       100%        6


Dungeon Overview and Level Annotations

Branches:
Dungeon (7/15)             Temple (1/1) D:4

Annotations:
D:1 Hidden deep water
D:5 2 transporters, drugrobin's ghost, weakling DgDe


Innate Abilities, Weirdness & Mutations

You have an increased reservoir of magic. (+10% MP)
You shall have no god before yourself.
Your divine heritage dramatically boosts your attributes as you level up.


Message History

The killer bee closely misses you. The wight closely misses you.
A wight comes into view. It is wielding a +0 war axe.
Fire: a) +0 shortbow
Press: ? - help, Q - select action, (/) - cycle Shift-Dir - straight line, f/p - killer bee
Aim: a killer bee (lightly wounded, 52% to hit)
You shoot an arrow.
The arrow closely misses the killer bee.
The arrow misses the killer bee.
The arrow hits the wight!
You destroy the wight!
The killer bee closely misses you. The killer bee completely misses you.
The killer bee stings you. The killer bee completely misses you.
The wight hits you with a +2 dagger of venom.
* * * LOW HITPOINT WARNING * * *
You are lethally poisoned!
A wight comes into view. It is wielding a +0 trident.
A wight comes into view. It is wielding a +3 battleaxe.
Okay, then.
Okay, then.
* * * LOW HITPOINT WARNING * * *
You feel very sick.
The killer bee closely misses you. x2; The killer bee barely misses you.
The killer bee attacks as you move away!
The killer bee misses you.
* * * LOW HITPOINT WARNING * * *
You feel very sick. The killer bee misses you.
It was a potion of might.
You feel very mighty all of a sudden.
* * * LOW HITPOINT WARNING * * *
You feel sick. The killer bee stings you.
* * * LOW HITPOINT WARNING * * *
The killer bee closely misses you. You block the killer bee's attack.
The killer bee stings you but does no damage.
The wight closely misses you.
It was a potion of degeneration.
There was something very wrong with that liquid.
You feel weakened.
You feel dopey.
You feel clumsy.
* * * LOW HITPOINT WARNING * * *
You feel sick. You block the killer bee's attack. The killer bee stings you!
You die...

..................#. #..##.......
..............##...###..###.##...
............................# ...
#.... .........)..#....#..# #.
#...K ........#..##.y.## .. .....
........#†##....y# ... .
..........##..##y.. ....
......yyz......##y.. ....
......y@y...zz....z..
.##.....z...........z
##..#.......... ....>..........
##..........#... #..(....##.###.
#.......#### .......<.#
......K.##


You could see 4 killer bees and 4 wights.

Vanquished Creatures
  An orc warrior (D:6)
  2 ice beasts (D:7)
  3 ogres (D:6)
  A phantom (D:5)
  2 scorpions (D:4)
  3 necrophages
  A wight (D:7)
  3 killer bees
  An orc priest (D:4)
  4 hounds
  4 iguanas
  3 orc wizards
  5 gnolls (D:5)
  6 adders
  2 shadow imps
  2 white imps
  2 ufetubi (D:5)
  A worm (D:5)
  A dart slug (D:4)
  7 orcs
  2 endoplasms (D:1)
  4 giant cockroaches
  11 goblins
  5 hobgoblins
  3 jackals (D:1)
  A quokka (D:1)
  11 ball pythons
  5 bats
  4 frilled lizards
  10 kobolds
  6 rats
116 creatures vanquished.

Vanquished Creatures (others)
  9 fungi (D:5)
9 creatures vanquished.

Grand Total: 125 creatures vanquished

Notes
Turn   | Place    | Note
-------+----------+-------------------------------------------
     0 | D:1      | avis the Demigod Hunter began the quest for the Orb.
     0 | D:1      | Reached XP level 1. HP: 17/17 MP: 3/3
   208 | D:1      | Reached skill level 4 in Ranged Weapons
   271 | D:1      | Reached XP level 2. HP: 24/24 MP: 4/4
  1349 | D:2      | Reached XP level 3. HP: 17/29 MP: 5/5
  1552 | D:2      | Identified the ring "Veunag" {Drain Str+6 Int+6 SInv}
  1557 | D:2      | Reached skill level 1 in Stealth
  2224 | D:3      | Identified the +1 hand axe of Roegy {freeze, rF+ rC+ Dex-3}
  2353 | D:3      | Noticed a necrophage
  2362 | D:3      | Killed a necrophage
  2363 | D:3      | Reached XP level 4. HP: 37/37 MP: 6/6
  2643 | D:4      | Found a staircase to the Ecumenical Temple.
  2733 | D:4      | Reached XP level 5. HP: 29/44 MP: 7/7
  2832 | Temple   | Entered the Ecumenical Temple
  2832 | Temple   | Found a transporter.
  2832 | Temple   | Found a transporter.
  2834 | Temple   | Found a transporter.
  2834 | Temple   | Found a transporter.
  3252 | D:4      | Reached skill level 5 in Ranged Weapons
  3327 | D:4      | Reached XP level 6. HP: 40/51 MP: 8/8
  3650 | D:5      | Entered Level 5 of the Dungeon
  3884 | D:5      | Found a transporter.
  3920 | D:5      | Reached skill level 6 in Ranged Weapons
  4128 | D:5      | Noticed drugrobin's ghost (weakling DgDe)
  4129 | D:5      | Found a transporter.
  4206 | D:5      | Reached XP level 7. HP: 57/57 MP: 9/9
  4334 | D:5      | Reached skill level 5 in Dodging
  4952 | D:6      | Identified the +0 leather armour of Comeot {+Inv rC- Dex+8}
  5330 | D:6      | Reached XP level 8. HP: 45/66 MP: 10/10
  5509 | D:7      | Reached skill level 7 in Ranged Weapons
  5558 | D:7      | HP: 2/66 [poisoned by a wight]
  5558 | D:7      | Mangled by a killer bee

Illustrated notes

Levels and vault maps discovered:
D:1:      minmay_arrival_open_corners, layout_loops_corners, serial_rivers,
          chequers_serial_rivers_large_a, chequers_serial_rivers_large_b,
          chequers_serial_rivers_micro_a, chequers_serial_rivers_room_a,
          chequers_serial_rivers_room_b, serial_park_tiny_1
D:2:      layout_basic, st_stairs_10, wander_ebering_terrifying_dragon_lair
D:3:      layout_rooms, chequers_avenue, hangedman_abyss_or_decor_stabs,
          hangedman_decor_clover_reticule, serial_park_tiny_2
D:4:      layout_basic, minmay_temple_entry_junction_2
D:5:      layout_basic, gammafunk_ghost_mausoleum, dreamdust_gnoll_farm
D:6:      layout_rooms
D:7:      layout_cave_pools, enter_bailey_2
Temple:   hellmonk_temple_divided_pantheon

Skill      XL: |  1  2  3  4  5  6  7  8 |
---------------+-------------------------+-----
Fighting       | 2 3 4 |  4.0
Ranged Weapons | 4 5 6 7 |  7.8
Dodging        | 2 3 4 6 |  6.0
Stealth        | 2 |  2.0
Evocations     | 2 |  2.0

Action                     |  1- 3 |  4- 6 |  7- 9 || total
---------------------------+-------+-------+-------++-------
   Fire: Shortbow          |   133 |   140 |   121 ||   394
  Evoke: Wand              |       |       |     2 ||     2
    Use: Potion            |       |       |     2 ||     2
 Armour: Leather armour    |    14 |    15 |    12 ||    41
  Dodge: Dodged            |    42 |    57 |    96 ||   195
  Block: Other             |       |    18 |    26 ||    44
         Reflection        |       |       |     1 ||     1

Table legend: (Time is in decaauts)
 A = Elapsed time spent in this place.
 B = Non-inter-level travel time spent in this place.
 C = Inter-level travel time spent in this place.
 D = Time resting spent in this place.
 E = Time spent auto-exploring this place.
 F = Levels seen in this place.
 G = Mean time per level.
                   A        B        C        D        E       F      G
               +--------+--------+--------+--------+--------+-----+--------+
         Total |   5717 |   5033 |    684 |    940 |   2711 |   8 |  714.6 |
       Dungeon |   5542 |   4858 |    684 |    823 |   2711 |   7 |  791.7 |
        Temple |    175 |    175 |      0 |    117 |      0 |   1 |  175.0 |
               +--------+--------+--------+--------+--------+-----+--------+

Top non-repeatable levels by time:
     D:1: 1352 daAuts
     D:4: 1008 daAuts
     D:5: 898 daAuts
     D:2: 883 daAuts
     D:6: 736 daAuts
     D:3: 545 daAuts
  Temple: 175 daAuts
     D:7: 117 daAuts
